 Dungeon Crawl Stone Soup version 0.31-a0-1540-g5a0b83f448 (webtiles) character file.

Game seed: 17786583893445258809

100181 dialectric the Bludgeoner (level 15, -1/144 HPs)
             Began as a Minotaur Fighter on Jan 1, 2024.
             Killed from afar by an oklob plant (20 damage)
             ... with a splash of acid
             ... on level 4 of the Lair of Beasts.
             The game lasted 00:33:59 (18647 turns).

dialectric the Bludgeoner (Minotaur Fighter)       Turns: 18647, Time: 00:33:59

Health: -1/144     AC:  5    Str: 36    XL:     15   Next: 79%
Magic:  23/23      EV: 20    Int:  1    God:
Gold:   2027       SH:  4    Dex: 21    Spells: 14/14 levels left

rFire   + . .        e - +6 eveningstar of Igoruseigu {protect, rF+ rC+ MP+9 Int-4}
rCold   + . .        (no shield)
rNeg    . . .        y - +5 ring mail of Autotheism {*Slow Str+7 SInv}
rPois   .            (helmet restricted)
rElec   .            S - scarf {+Inv}
rCorr   .            E - +1 pair of gloves
SInv    +            c - +3 pair of boots of the Mantidfly {*Corrode Regen+ Slay+4}
Will    +....        n - amulet of regeneration
Stlth   +            I - +6 ring of dexterity
HPRegen 2.04/turn    D - +6 ring of strength
MPRegen 0.18/turn

%: corrode self (3%), slow self (1%)
@: corroded, slowed, studying Long Blades, very slow
A: horns 2, retaliatory headbutt, large bone plates 1
a: Evoke Invisibility


You were on level 4 of the Lair of Beasts.
You visited 5 branches of the dungeon, and saw 23 of its levels.
You also visited: Bailey.

You collected 2544 gold pieces.
You spent 517 gold pieces at shops.

Inventory:

Hand Weapons
 e - the +6 eveningstar of Igoruseigu (weapon) {protect, rF+ rC+ MP+9 Int-4}
   (You acquired it on level 8 of the Dungeon)

   Int-4:     It affects your intelligence (-4).
   rF+:       It protects you from fire.
   rC+:       It protects you from cold.
   MP+9:      It affects your magic capacity (+9).
 Y - a +2 eveningstar of draining
Missiles
 p - 40 poisoned darts (quivered)
 s - 2 throwing nets
Armour
 c - the +3 pair of boots of the Mantidfly (worn) {*Corrode Regen+ Slay+4}
   (You found it on level 13 of the Dungeon)

   Slay+4:    It affects your accuracy & damage with ranged weapons and melee
   (+4).
   Regen+:    It increases your rate of health regeneration.
   *Corrode:  It may corrode you when you take damage.
 h - a +2 pair of boots of flying
 o - a +3 plate armour of fire resistance
 y - the +5 ring mail of Autotheism (worn) {*Slow Str+7 SInv}
   (You bought it in a shop on level 1 of the Dungeon)

   Str+7:     It affects your strength (+7).
   SInv:      It lets you see invisible.
   *Slow:     It may slow you when you take damage.
 E - a +1 pair of gloves (worn)
 P - +0 fire dragon scales
 S - a scarf of invisibility (worn)
 T - the +9 ring mail of Futuristic Music {rElec Regen+ Str+3 Dex-4}
   (You found it on level 2 of the Lair of Beasts)

   Str+3:     It affects your strength (+3).
   Dex-4:     It affects your dexterity (-4).
   rElec:     It insulates you from electricity.
   Regen+:    It increases your rate of health regeneration.
Jewellery
 i - a ring of flight
 n - an amulet of regeneration (around neck)
 D - a +6 ring of strength (right hand)
 I - a +6 ring of dexterity (left hand)
 K - an amulet of reflection
 Q - a +6 ring of intelligence
Talismans
 a - a blade talisman
Wands
 d - a wand of roots (13)
 x - a wand of quicksilver (5)
 C - a wand of paralysis (19)
 F - a wand of flame (38)
Scrolls
 g - 7 scrolls of fog
 j - a scroll of fear
 k - 7 scrolls of noise
 m - a scroll of silence
 r - 7 scrolls of teleportation
 t - 2 scrolls of vulnerability
 v - 4 scrolls of poison
 A - a scroll of immolation
 G - 3 scrolls of revelation
 M - a scroll of enchant armour
 R - 2 scrolls of enchant weapon
Potions
 f - 3 potions of mutation
 l - 7 potions of brilliance
 q - 2 potions of ambrosia
 w - 5 potions of curing
 z - 4 potions of enlightenment
 B - a potion of haste
 H - 3 potions of berserk rage
 J - 2 potions of attraction
 N - 2 potions of cancellation
 O - 2 potions of heal wounds
 U - a potion of magic
 V - a potion of resistance
 W - a potion of might
Miscellaneous
 b - a phial of floods
 X - a sack of spiders (inert)


   Skills:
 + Level 16.0 Fighting
 + Level 18.8 Maces & Flails
 + Level 17.2 Armour
 - Level 12.0 Dodging
 + Level 11.4 Shields
 + Level 2.8 Evocations


You had 14 spell levels left.
You didn't know any spells.
Your spell library contained the following spells:

 Spells                   Type           Power      Damage    Failure   Level
 Magic Dart               Conj           0%         1d3       63%         1
 Blink                    Tloc           0%         N/A       77%         2
 Call Imp                 Summ           0%         N/A       77%         2
 Cigotuvi's Dreadful Rot  Necr/Alch/Air  0%         N/A       77%         2
 Lesser Beckoning         Tloc           0%         N/A       77%         2
 Scorch                   Fire           0%         2d5       77%         2
 Static Discharge         Conj/Air       0%         3-3/arc   77%         2
 Dazzling Flash           Conj/Hex       0%         N/A       94%         3
 Gell's Gravitas          Tloc           0%         N/A       94%         3
 Hailstorm                Conj/Ice       0%         3d5       94%         3
 Inner Flame              Hex/Fire       0%         N/A       94%         3
 Teleport Other           Tloc           0%         N/A       94%         3
 Tukima's Dance           Hex            0%         N/A       94%         3
 Airstrike                Air            0%         2d(0-16)  100%        4
 Animate Armour           Summ/Erth      0%         N/A       100%        4
 Animate Dead             Necr           0%         N/A       100%        4
 Brom's Barrelling Bould  Conj/Erth      0%         2d3       100%        4
 Dimensional Bullseye     Hex/Tloc       0%         N/A       100%        4
 Dispel Undead            Necr           0%         3d6       100%        4
 Flame Wave               Conj/Fire      0%         2d4       100%        4
 Iskenderun's Mystic Bla  Conj/Tloc      0%         2d3       100%        4
 Martyr's Knell           Necr/Summ      0%         N/A       100%        4
 Passage of Golubria      Tloc           0%         N/A       100%        4
 Petrify                  Alch/Erth      0%         N/A       100%        4
 Summon Lightning Spire   Summ/Air       0%         N/A       100%        4
 Borgnjor's Vile Clutch   Necr/Erth      0%         N/A       100%        5
 Freezing Cloud           Conj/Ice/Air   0%         6-21      100%        5
 Irradiate                Conj/Alch      0%         3d11      100%        5
 Iskenderun's Battlesphe  Conj           0%         2d6       100%        5
 Lee's Rapid Deconstruct  Erth           0%         3d4*      100%        5
 Yara's Violent Unravell  Hex/Alch       0%         3d3       100%        5
 Bombard                  Conj/Erth      0%         9d1       100%        6
 Death Channel            Necr           0%         N/A       100%        6
 Summon Cactus Giant      Summ           0%         N/A       100%        6
 Ignition                 Fire           0%         3d3       100%        8


Dungeon Overview and Level Annotations

Branches:
Dungeon (14/15)            Temple (0/1) D:4            Lair (5/5) D:9
 Shoals (0/4) Lair:3        Snake (1/4) Lair:2        Slime (0/5) Lair:4
    Orc (2/2) D:12            Elf (1/3) Orc:2        Bailey (visited)
 Vaults: D:13-14

Altars:
Cheibriados
Dithmenos
Elyvilon
Hepliaklqana
Kikubaaqudgha
Nemelex Xobeh
Okawaru
Ru
Sif Muna
Trog
Uskayaw
Zin
The Shining One

Shops:
D:1 [   D:5 ?   Orc:2 :(*=[

Annotations:
D:10 2 runed translucent doors
D:14 Kirke
Lair:4 exclusion: 4 oklob plants


Innate Abilities, Weirdness & Mutations

You have a pair of horns on your head.
You reflexively headbutt those who attack you in melee.
You are partially covered in large bone plates. (SH +4)


Message History

No target in view!
As you read the scroll of identify, it crumbles to dust.
L - a scroll of torment Unknown command.
You drop a scroll of torment.
Okay, then.
Done exploring.
Done exploring.
Done exploring.
Okay, then.
What level of the Lair of Beasts? (default 5, ? - help) As you open the door, it creaks loudly!
Unknown command.
What level of the Lair of Beasts? (default 4, ? - help)
There is an open door here.
There is a stone staircase leading up, spattered with blood here.
You climb upwards.
Level annotation: exclusion: 4 oklob plants
There is a stone staircase leading down, spattered with blood here.
Unknown command.
The oklob plant spits acid at you. The splash of acid hits you!
The acid corrodes you! The oklob plant spits acid at you.
The splash of acid misses you. The oklob plant spits acid at you.
The splash of acid hits you!! The oklob plant spits acid at you.
The splash of acid hits you!! The acid corrodes you!
The oklob plant spits acid at you. The splash of acid hits you!!
The acid corrodes you! The oklob plant spits acid at you.
The splash of acid hits you! The acid corrodes you!
The oklob plant spits acid at you. The splash of acid hits you!
You feel yourself slow down. The oklob plant spits acid at you.
The splash of acid hits you!!
* * * LOW HITPOINT WARNING * * *
The oklob plant spits acid at you. The splash of acid hits you!!
You die...

### ##.### ##.##......# #..#
####......## #..# .........P #..#
#...PP....##### #..# ######
#..P>....?..#.#
###########.##.###...P./.......##
#........#...#..##......$#....#..
...#............##......###...)##
..........#.....@.##.#.###P......
..#.##...#.###...#...# # #####..P
P######.##.# ##......# ##...# .P#
#...### ##.....#######....# ###
#?..## ##.PP.#..#.#.#...# ##...#
#..........#.#### ##..##
###....#.....#..# ###....#
#...######....# #.##...## ##....#
#....#


You could see 2 oklob plants.

Vanquished Creatures
  An orc warlord (Orc:1)
  A very ugly thing (D:13)
  4 dire elephants (Lair:5)
  4 hydras
  6 boulder beetles
  9 death yaks
  8 centaur warriors
  A death knight (D:10)
  The ghost of Ofimafed the Mimic, a journeyman OpSh of Gozag (Lair:1)
  A catoblepas (D:13)
  5 two-headed ogres
  A tengu warrior (D:13)
  2 orc high priests
  Nergalle (Orc:1)
  2 hell knights (D:11)
  A spectral dire elephant (Lair:5)
  Sonja (Lair:4)
  A spectral death yak (Lair:5)
  A spectral anaconda (Lair:5)
  2 skysharks (Lair:4)
  An obsidian statue (Lair:5)
  3 deep elf pyromancers
  3 necromancers (Lair:5)
  5 orc knights
  4 orc sorcerers
  A wolf spider (Lair:4)
  2 ugly things
  2 cyclopes
  2 manticores (D:11)
  2 salamanders
  3 black mambas
  13 elephants
  2 kobold blastminers (Orc:2)
  Maggie (D:10)
  8 centaur zombies (D:11)
  14 cane toads
  4 gargoyles
  6 rime drakes
  4 kobold demonologists (D:10)
  11 komodo dragons
  A tengu conjurer (D:13)
  8 trolls
  2 polar bears
  23 blink frogs
  5 hornets
  Grinder (D:3)
  6 dream sheep
  A spectral elephant (Lair:5)
  A slime creature (D:13)
  6 vampires
  4 shadows
  2 wraiths (D:13)
  5 wyverns
  A dire elephant simulacrum (Lair:5)
  2 steam dragons
  6 fire bats (D:11)
  71 yaks
  4 basilisks
  A hog (shapeshifter) (D:13)
  A vampire mosquito (D:10)
  4 wargs (Orc:1)
  Menkaure (D:4)
  A spectral cane toad (Lair:5)
  2 nagas (Lair:2)
  2 death yak simulacra (Lair:5)
  11 water moccasins
  An acid dragon (D:11)
  An ice beast (D:6)
  35 orc warriors
  2 sky beasts
  A black bear (shapeshifter) (D:10)
  9 black bears
  An elephant zombie (Lair:5)
  11 wolves
  6 centaurs
  5 ogres
  2 phantoms
  10 kobold brigands
  9 gnoll sergeants
  11 bullfrogs
  2 cane toad simulacra (Lair:5)
  3 scorpions
  16 wights
  15 killer bees
  3 elephant simulacra (Lair:5)
  An electric eel (Lair:2)
  2 howler monkeys
  A bombardier beetle (D:5)
  A jelly (D:5)
  5 hounds
  13 orc priests
  7 iguanas
  Natasha (thrice) (D:2)
  2 sleepcaps (D:5)
  Ijyb (D:3)
  19 orc wizards
  7 gnolls
  17 adders
  A shadow imp (D:6)
  4 white imps
  3 dart slugs
  3 ribbon worms
  71 orcs
  5 ball pythons
  6 bats
  4 endoplasms
  4 giant cockroaches
  5 goblins
  6 hobgoblins
  8 jackals
  A quokka (D:3)
  3 frilled lizards
  28 kobolds
  2 rats
692 creatures vanquished.

Vanquished Creatures (collateral kills)
  A death yak (Lair:3)
1 creature vanquished.

Vanquished Creatures (others)
  A tengu conjurer (D:13)
  A dream sheep (Lair:5)
  A kobold (D:10)
3 creatures vanquished.

Grand Total: 696 creatures vanquished

Notes
Turn   | Place    | Note
-------+----------+-------------------------------------------
     0 | D:1      | dialectric the Minotaur Fighter began the quest for the
                  | Orb.
     0 | D:1      | Reached XP level 1. HP: 19/19 MP: 0/0
   189 | D:1      | Reached XP level 2. HP: 23/27 MP: 1/1
   264 | D:1      | Reached skill level 1 in Dodging
   298 | D:1      | Found Xouhif's Antique Armour Emporium.
   515 | D:1      | Reached XP level 3. HP: 33/33 MP: 2/2
   591 | D:2      | Noticed Natasha
   595 | D:2      | Reached skill level 3 in Maces & Flails
   597 | D:2      | Killed Natasha
   689 | D:2      | Reached XP level 4. HP: 39/40 MP: 3/3
   762 | D:2      | Noticed Natasha
   773 | D:2      | Killed Natasha
   972 | D:2      | Noticed Natasha
   978 | D:2      | Killed Natasha
  1294 | D:3      | Noticed Ijyb
  1297 | D:3      | Reached XP level 5. HP: 46/47 MP: 4/4
  1305 | D:3      | Killed Ijyb
  1331 | D:3      | You fall into a shaft and drop 1 floor!
  1525 | D:3      | Noticed Grinder
  1553 | D:3      | Paralysed by Grinder for 3 turns
  1560 | D:3      | Killed Grinder
  1561 | D:3      | Reached skill level 5 in Fighting
  1561 | D:3      | Reached skill level 4 in Maces & Flails
  1561 | D:3      | Reached skill level 5 in Armour
  1561 | D:3      | Reached XP level 6. HP: 8/56 MP: 5/5
  1947 | D:4      | Found a staircase to the Ecumenical Temple.
  2032 | D:4      | Noticed Menkaure
  2042 | D:4      | Killed Menkaure
  2082 | D:4      | Found a shimmering blue altar of Sif Muna.
  2099 | D:4      | Reached skill level 5 in Maces & Flails
  2099 | D:4      | Reached XP level 7. HP: 50/62 MP: 6/6
  2144 | D:4      | Found a hazy altar of Hepliaklqana.
  2213 | D:4      | Found a hide-covered altar of Uskayaw.
  2368 | D:1      | Bought a distressingly furry ring mail for 162 gold pieces
  2368 | D:1      | Identified the +5 ring mail of Autotheism {*Slow Str+7
                  | SInv} (You bought it in a shop on level 1 of the Dungeon)
  2455 | D:5      | Entered Level 5 of the Dungeon
  2713 | D:5      | Found Voschyebb's Magic Scroll Emporium.
  2728 | D:5      | Bought a scroll of identify for 28 gold pieces
  2728 | D:5      | Bought a scroll of teleportation for 42 gold pieces
  2777 | D:5      | Reached XP level 8. HP: 70/71 MP: 7/7
  2834 | D:5      | Reached skill level 6 in Maces & Flails
  2851 | D:5      | Found a sparkling altar of Nemelex Xobeh.
  3095 | D:6      | Reached skill level 5 in Dodging
  3368 | D:6      | Reached skill level 7 in Maces & Flails
  3694 | D:7      | Reached XP level 9. HP: 81/81 MP: 8/8
  3896 | D:7      | Found a bloodstained altar of Trog.
  3905 | D:7      | Found a sacrificial altar of Ru.
  3947 | D:7      | Found a snail-covered altar of Cheibriados.
  4068 | D:8      | Reached skill level 8 in Maces & Flails
  4311 | D:8      | Reached skill level 9 in Maces & Flails
  4355 | D:8      | Reached skill level 10 in Armour
  4366 | D:8      | Reached skill level 10 in Maces & Flails
  4382 | D:8      | Got the Catalogue of Petrous Hurting
  4425 | D:8      | Identified a scroll of acquirement
  4425 | D:8      | Acquired the +6 eveningstar of Igoruseigu {protect, rF+ rC+
                  | MP+9 Int-4}
  4636 | D:8      | Found a flagged portal.
  4643 | Bailey   | Entered a bailey
  4662 | Bailey   | Reached XP level 10. HP: 84/88 MP: 9/9
  4754 | Bailey   | Noticed an orc knight
  4760 | Bailey   | Killed an orc knight
  4802 | Bailey   | Identified the +1 leather armour "Sirarham" {Dex+6}
  5000 | D:8      | Found an iron altar of Okawaru.
  5204 | D:8      | Reached skill level 11 in Maces & Flails
  5507 | D:9      | Noticed a two-headed ogre
  5515 | D:9      | Killed a two-headed ogre
  5516 | D:9      | Reached skill level 12 in Maces & Flails
  5582 | D:9      | Found a white marble altar of Elyvilon.
  5585 | D:9      | Found a glowing silver altar of Zin.
  5586 | D:9      | Found a glowing golden altar of the Shining One.
  5775 | D:9      | Found a staircase to the Lair.
  5775 | D:9      | Noticed an elephant
  5795 | D:9      | Killed an elephant
  5861 | D:9      | Reached XP level 11. HP: 62/94 MP: 10/10
  6241 | D:9      | Found an ancient bone altar of Kikubaaqudgha.
  6393 | D:10     | Entered Level 10 of the Dungeon
  6458 | D:10     | Found a large runed translucent door.
  6458 | D:10     | Found a large runed translucent door.
  6462 | D:10     | Noticed a deep elf pyromancer
  6463 | D:10     | Noticed a death knight
  6471 | D:10     | Paralysed by a hornet for 2 turns
  6480 | D:10     | Reached skill level 13 in Maces & Flails
  6483 | D:10     | Noticed a brown ugly thing
  6487 | D:10     | Killed a brown ugly thing
  6726 | D:10     | Noticed Maggie
  6744 | D:10     | Killed Maggie
  6802 | D:10     | Found a large runed translucent door.
  6802 | D:10     | Found a large runed translucent door.
  7151 | D:10     | Identified the +0 robe "Nyhoqem" {rCorr Archmagi}
  7440 | D:7      | Paralysed by an orc for 3 turns
  7458 | D:7      | Reached skill level 14 in Maces & Flails
  7501 | D:7      | Reached skill level 10 in Fighting
  8013 | Lair:1   | Entered Level 1 of the Lair of Beasts
  8247 | D:11     | Noticed a boulder beetle
  8251 | D:11     | Reached XP level 12. HP: 107/107 MP: 11/11
  8269 | D:11     | Killed a boulder beetle
  8329 | D:11     | Found a shadowy altar of Dithmenos.
  8426 | D:11     | Reached skill level 5 in Shields
  8497 | D:11     | Noticed a centaur warrior
  8504 | D:11     | Killed a centaur warrior
  8636 | D:11     | Reached skill level 15 in Maces & Flails
  8787 | D:11     | Reached skill level 10 in Dodging
  9104 | D:11     | Noticed a centaur warrior
  9113 | D:11     | Killed a centaur warrior
  9114 | D:11     | Found a faded altar of an unknown god.
  9155 | D:11     | Noticed a centaur warrior
  9161 | D:11     | Identified the +2 dagger of Shame {vamp, rC- rN+ Dex+7}
  9163 | D:11     | Killed a centaur warrior
  9314 | D:12     | Noticed a boulder beetle
  9327 | D:12     | Killed a boulder beetle
  9328 | D:12     | Reached XP level 13. HP: 118/118 MP: 12/12
  9443 | D:12     | Found a staircase to the Orcish Mines.
 10140 | Orc:1    | Entered Level 1 of the Orcish Mines
 10200 | Orc:1    | Reached skill level 16 in Maces & Flails
 10383 | D:9      | Gained mutation: You are partially covered in large bone
                  | plates. (SH +4) [potion of mutation]
 10659 | Orc:1    | Noticed Nergalle
 10670 | Orc:1    | Killed Nergalle
 10921 | Orc:2    | Entered Level 2 of the Orcish Mines
 10934 | Orc:2    | Noticed an orc warlord
 11392 | Lair:1   | Found a large runed translucent door.
 11393 | Lair:1   | Found a large runed translucent door.
 11669 | Lair:1   | Noticed Ofimafed's ghost (journeyman OpSh)
 11843 | Lair:1   | Killed Ofimafed's ghost
 11937 | Lair:2   | Identified the +9 ring mail of Futuristic Music {rElec
                  | Regen+ Str+3 Dex-4}
 12592 | Lair:2   | Found a staircase to the Snake Pit.
 12765 | Lair:3   | Reached XP level 14. HP: 129/129 MP: 13/13
 12780 | Lair:3   | Reached skill level 15 in Armour
 12905 | Lair:4   | Noticed Sonja
 12911 | Lair:4   | Paralysed by Sonja for 3 turns
 12928 | Lair:4   | Killed Sonja
 12932 | Lair:4   | Found a staircase to the Slime Pits.
 13210 | Lair:4   | Reached skill level 17 in Maces & Flails
 13328 | Lair:5   | Entered Level 5 of the Lair of Beasts
 13459 | Snake:1  | Entered Level 1 of the Snake Pit
 13680 | Orc:1    | Killed an orc warlord
 13850 | Orc:2    | Found Ticyina's Book Shop.
 13937 | Orc:2    | Found a staircase to the Elven Halls.
 14309 | Orc:2    | Found Zuockaer's Antique Armour Shoppe.
 14429 | Orc:2    | Found Gewusyrgh's Antique Weapon Shoppe.
 14444 | Orc:2    | Found Saohagat's General Store.
 14459 | Orc:2    | Found Lulourol's Jewellery Shoppe.
 14591 | Orc:2    | Bought a pair of smoking boots for 285 gold pieces
 14591 | Orc:2    | Identified the -1 pair of boots "Hann" {Int+4} (You bought
                  | it in a shop on level 2 of the Orcish Mines)
 14595 | Orc:2    | Upgraded the game from 0.31-a0-1529-g7bd419a0e5 to
                  | 0.31-a0-1540-g5a0b83f448
 14662 | Elf:1    | Entered Level 1 of the Elven Halls
 15158 | D:13     | Noticed a purple very ugly thing
 15165 | D:13     | Killed a purple very ugly thing
 15209 | D:13     | Identified the +3 pair of boots of the Mantidfly {*Corrode
                  | Regen+ Slay+4}
 15899 | D:14     | Noticed Kirke
 16065 | D:10     | Reached skill level 18 in Maces & Flails
 16320 | Lair:3   | Reached skill level 15 in Fighting
 16337 | Lair:3   | Reached XP level 15. HP: 112/141 MP: 14/14
 16378 | Lair:3   | Reached skill level 10 in Shields
 16524 | Lair:3   | Found a staircase to the Shoals.
 17472 | Lair:5   | Got the Elucidation of the Caves
 17481 | Lair:5   | Reached skill level 1 in Evocations
 18647 | Lair:4   | Killed from afar by an oklob plant

Illustrated notes

Levels and vault maps discovered:
D:1:      saegor_arrival_simple_e, layout_basic, serial_shops,
          nicolae_diamond_shop, st_stairs_4, minmay_misc_feat_secret_circle,
          minmay_pentomino_u4
D:2:      layout_rooms, uniq_natasha
D:3:      layout_basic, minmay_pentangle, uniq_ijyb, uniq_grinder
D:4:      layout_rooms, amcnicky_altar_gilded,
          mainiacjoe_overflow_cross_hatched, nicolae_hepliaklqana_hazy_memory,
          temple_pool_b, uniq_menkaure
D:5:      layout_cave_pools, mainiacjoe_overflow_tiny_flanked, nrook_uturn,
          grunt_decor_junction, kennysheep_windowed_goal
D:6:      layout_basic, grunt_ministairs_3
D:7:      layout_gridville, lemuel_doored_altar, grunt_temple_overflow_open,
          minmay_fractal_squares_5
D:8:      nicolae_cairo_tiling_large, layout_basic,
          mainiacjoe_overflow_alcove_1, serial_curves, eino_curves_04,
          eino_curves_04, enter_bailey_2
D:9:      layout_loops_corners, good_gods_temple_1,
          mainiacjoe_overflow_24_doors, david_lair_generic
D:10:     layout_cave_pods, minmay_hollow_rounded_squares, uniq_maggie
D:11:     regret_index_infernal_bastille, layout_loops_ring,
          minmay_misc_feat_rugged, nicolae_dithmenos_through_a_glass_darkly
D:12:     layout_grid_maze, orc_0_dummy, chequers_serial_rivers_micro_b
D:13:     minmay_the_grid_triangle_9x9_recursive_2
          [minmay_the_grid_triangle_9x9_prize_center,
          minmay_the_grid_triangle_9x9_longest,
          minmay_the_grid_triangle_9x9_shrine,
          minmay_the_grid_triangle_9x9_skeleton], layout_loops_ring
D:14:     layout_cave_pods, grunt_vaults_entry_tiered, grunt_decor_resistance,
          hangedman_feature_mirror, grunt_ministairs_9, uniq_kirke
Lair:1:   layout_regular_city, ebering_ghost_disaster_area, beast_lair_carwin_3,
          lemuel_fruit_tree
Lair:2:   layout_regular_city, alex1729_snake_entry_snake, serial_bayou_shore_a,
          grunt_megastairs_4
Lair:3:   minmay_lair_venomous_thicket, layout_regular_city, shoals_dummy_entry,
          chequers_serial_rivers_small_b, grunt_megastairs_1
Lair:4:   layout_concentric_octagons, minmay_slime_entry_oklob_open, uniq_sonja
Lair:5:   due_jungle_book, layout_cellular_growth, minivault_24,
          fungi_pond_lemuel, infiniplex_staircase_pool_2, grunt_megastairs_2
Snake:1:  layout_grid_maze
Orc:1:    layout_diamond_mine, kennysheep_orc_chapel, uniq_nergalle
Orc:2:    grunt_orc_cross, layout_caves, enter_volcano_2, serial_shops,
          nicolae_shop_peninsula, basic_altar
Elf:1:    eino_elf_arrival_the_gate, layout_gridlike, ebering_ghost_xom,
          minmay_elf_necromancy

Skill      XL: |  1  2  3  4  5  6  7  8  9 10 11 12 13 14 15 |
---------------+----------------------------------------------+-----
Dodging        | 1 2 3 4 6 7 11 12 | 12.0
Fighting       | 4 5 6 7 8 10 12 13 15 16 | 16.0
Armour         | 4 5 6 8 10 12 14 16 17 | 17.2
Maces & Flails | 3 4 5 7 10 12 14 15 16 18 | 18.8
Shields        | 5 7 9 11 | 11.4
Evocations     | 2 |  2.8

Action                     |  1- 3 |  4- 6 |  7- 9 | 10-12 | 13-15 || total
---------------------------+-------+-------+-------+-------+-------++-------
  Melee: Flail             |    68 |    91 |   214 |       |       ||   373
         Headbutt          |    11 |     8 |    64 |    99 |   262 ||   444
         Punch             |       |       |     6 |     6 |    12 ||    24
         Eveningstar       |       |       |     8 |   456 |   917 ||  1381
  Throw: Dart              |       |       |       |     5 |     9 ||    14
  Evoke: Wand              |       |     1 |     1 |     1 |     1 ||     4
         Sack of spiders   |       |       |       |       |     2 ||     2
         Phial of floods   |       |       |       |       |     1 ||     1
    Use: Potion            |       |     1 |     1 |     1 |     3 ||     6
         Scroll            |       |       |    12 |     4 |    15 ||    31
   Stab: Paralysed         |       |       |     4 |       |     1 ||     5
 Armour: Scale mail        |    70 |    65 |       |       |       ||   135
         Ring mail         |       |       |   173 |   397 |   538 ||  1108
  Dodge: Dodged            |    54 |    52 |   173 |   419 |   715 ||  1413
  Block: Other             |       |       |       |       |   120 ||   120

Table legend: (Time is in decaauts)
 A = Elapsed time spent in this place.
 B = Non-inter-level travel time spent in this place.
 C = Inter-level travel time spent in this place.
 D = Time resting spent in this place.
 E = Time spent auto-exploring this place.
 F = Levels seen in this place.
 G = Mean time per level.
                   A        B        C        D        E       F      G
               +--------+--------+--------+--------+--------+-----+--------+
         Total |  18386 |  16301 |   2085 |    183 |  11585 |  24 |  766.1 |
       Dungeon |  11715 |  10202 |   1513 |    134 |   7624 |  14 |  836.8 |
          Lair |   4716 |   4340 |    376 |      0 |   3037 |   5 |  943.2 |
     Snake Pit |     51 |     51 |      0 |      0 |      2 |   1 |   51.0 |
  Orcish Mines |   1546 |   1353 |    193 |     49 |    802 |   2 |  773.0 |
   Elven Halls |      7 |      7 |      0 |      0 |      0 |   1 |    7.0 |
        Bailey |    348 |    348 |      0 |      0 |    120 |   1 |  348.0 |
               +--------+--------+--------+--------+--------+-----+--------+

Top non-repeatable levels by time:
     D:9: 1329 daAuts
    D:10: 1328 daAuts
  Lair:5: 1246 daAuts
    D:12: 1226 daAuts
    D:11: 1170 daAuts
     D:8: 1033 daAuts
  Lair:3: 938 daAuts
    D:13: 929 daAuts
  Lair:2: 898 daAuts
   Orc:2: 860 daAuts
  Lair:1: 826 daAuts
  Lair:4: 807 daAuts
     D:7: 753 daAuts
     D:6: 745 daAuts
     D:2: 714 daAuts
